 Dungeon Crawl Stone Soup version 0.31-a0-152-g6aa68a64a1 (webtiles) character file.

Game seed: 9075794352621754809

53424 qw the Severer (level 14, -9/92 HPs)
             Began as a Gargoyle Fighter on June 10, 2023.
             Was an Elder of Okawaru.
             Mangled by a skeletal warrior
             ... wielding a +0 glaive
              (19 damage)
             ... on level 11 of the Dungeon.
             The game lasted 00:07:17 (14424 turns).

qw the Severer (Gargoyle Fighter)                  Turns: 14424, Time: 00:07:18

Health: -9/92      AC: 28    Str: 26    XL:     14   Next: 68%
Magic:  21/21      EV: 11    Int: 10    God:    Okawaru [****..]
Gold:   618        SH: 10    Dex: 14    Spells: 13/13 levels left

rFire   . . .        Y - +2 broad axe (elec)
rCold   . . .        u - +3 warlock's mirror {omnireflect}
rNeg    + . .        k - +0 plate armour
rPois   inf          (no helmet)
rElec   +            a - scarf of Connis {repulsion, rPois Will+ Dex+5}
rCorr   +            (no gloves)
SInv    .            j - +0 pair of boots of Dramatic Exits {rC- Regen+ rCorr Str+2}
Will    ++...        (no amulet) Stlth
                     o - +4 ring of slaying {mikee}
HPRegen 1.15/turn    (no ring)
MPRegen 0.17/turn

%: repel missiles, reflection
@: about to teleport, heroic, marked, flying
A: sickness immunity, AC +10, big wings, negative energy resistance 1,
electricity resistance, torment resistance 1, petrification resistance, cold
resistance 1
a: Renounce Religion, Heroism, Finesse


You were on level 11 of the Dungeon.
You worshipped Okawaru.
Okawaru was greatly pleased with you.
You visited 3 branches of the dungeon, and saw 17 of its levels.

You collected 1001 gold pieces.
You spent 383 gold pieces at shops.


Innate Abilities, Weirdness & Mutations

You are immune to sickness and miasma.
Your stone body is resilient. (AC +10)
You are immune to poison.
Your large and strong wings let you fly.
You resist negative energy. (rN+)
You are resistant to electric shocks. (rElec)
You are resistant to unholy torment.
You are immune to petrification.
Your flesh is cold resistant. (rC+)


   Skills:
 - Level 12.0(17.0) Fighting
 + Level 15.8(20.8) Axes
 - Level 5.8(10.8) Throwing
 - Level 10.0(15.0) Armour
 - Level 3.1(8.1) Dodging
 - Level 7.3(12.3) Shields
 - Level 10.0 Invocations


You had 13 spell levels left.
You didn't know any spells.
Your spell library was empty.

Inventory:

Hand Weapons
 r - a +4 morningstar of freezing
 Y - a +2 broad axe of electrocution (weapon)
Missiles
 c - 2 javelins (quivered)
Armour
 a - the scarf of Connis (worn) {repulsion, rPois Will+ Dex+5}
   (Okawaru gifted it to you on level 5 of the Lair of Beasts)

   Dex:       It affects your dexterity (+5).
   rPois:     It protects you from poison.
   Will:      It increases your willpower.
 b - a +2 cloak
 e - a +2 pair of boots
 j - the +0 pair of boots of Dramatic Exits (worn) {rC- Regen+ rCorr Str+2}
   (You acquired it on level 4 of the Dungeon)

   Str:       It affects your strength (+2).
   rC:        It makes you vulnerable to cold.
   Regen:     It increases your rate of health regeneration.
   rCorr:     It protects you from acid and corrosion.
 k - a +0 plate armour (worn)
 u - the +3 warlock's mirror (worn) {omnireflect}
   (Okawaru gifted it to you on level 1 of the Lair of Beasts)

   Omnireflect: It can block and reflect piercing ranged attacks and magical
   attacks against the wielder's willpower.
Jewellery
 o - a +4 ring of slaying (left hand) {mikee}
 p - an amulet of guardian spirit
Scrolls
 i - 9 scrolls of teleportation
 l - 2 scrolls of identify
Potions
 d - 3 potions of might
 f - 2 potions of mutation
 g - 5 potions of curing
 h - a potion of magic
 m - a potion of cancellation
 n - a potion of lignification
 q - 5 potions of attraction
 s - a potion of resistance

Dungeon Overview and Level Annotations

Branches:
Dungeon (11/15)            Temple (1/1) D:4            Lair (5/5) D:10
  Swamp (0/4) Lair:2       Spider (0/4) Lair:3        Slime (0/5) Lair:5
    Orc (0/2) D:10

Altars:
Ashenzari
Cheibriados
Dithmenos
Elyvilon
Fedhas
Gozag
Hepliaklqana
Kikubaaqudgha
Makhleb
Nemelex Xobeh
Okawaru
Qazlal
Ru
Sif Muna
Trog
Uskayaw
Vehumet
Wu Jian
Xom
Yredelemnul
Zin
The Shining One
Jiyva

Shops:
D:1 :   D:4 :   D:10 (?![

Annotations:
D:5 1 runed translucent door, qw's ghost, novice GrFi
D:6 1 runed translucent door, Crazy Yiuf
Lair:4 2 transporters, qw's ghost, journeyman MiHu


Message History

The skeletal warrior barely misses you. x2
You block the skeletal warrior's attack.
You hit the skeletal warrior.
The skeletal warrior is severely damaged.
You hit the skeletal warrior but do no damage.
Lightning courses through the skeletal warrior!
You slash the skeletal warrior!
The skeletal warrior is almost destroyed.
You slash the skeletal warrior!
The skeletal warrior hits you but does no damage.
The skeletal warrior hits you with a +0 flail.
You block the skeletal warrior's attack. x2
The skeletal warrior hits you but does no damage.
You hit the skeletal warrior.
You destroy the skeletal warrior!
Okawaru accepts your kill.
You hit the skeletal warrior but do no damage.
The skeletal warrior closely misses you.
The skeletal warrior hits you with a +0 flail.
The skeletal warrior closely misses you.
You block the skeletal warrior's attack.
14421 ||| READING 10 scrolls of teleportation.
As you read the scroll of teleportation, it crumbles to dust.
You feel strangely unstable.
The skeletal warrior hits you from afar with a +0 halberd!
You block the skeletal warrior's attack. x2
The skeletal warrior hits you with a +0 flail.
You slash the skeletal warrior!
The skeletal warrior is severely damaged.
The skeletal warrior barely misses you.
The skeletal warrior closely misses you.
The skeletal warrior completely misses you.
The skeletal warrior hits you but does no damage.
You hit the skeletal warrior but do no damage.
The skeletal warrior is severely damaged.
You barely miss the skeletal warrior.
The skeletal warrior is severely damaged.
You block the skeletal warrior's attack. x2
The skeletal warrior hits you from afar with a +0 glaive!!
You die...

#....### #######
#......# .......
#....# .......
###....# .......
###......#
.......##...#....#
.......#..###....#
.....zz#.## #....#
.....z.@.# #....#
..(..z>### #....#
#####'# #....# #.
####.## . #....#
## ###'#######
#.........#
+.###.........# ##
#...'.........# #.


You could see 4 skeletal warriors.

Vanquished Creatures
  4 dire elephants (Lair:5)
  6 hydras
  Harold (D:9)
  2 two-headed ogres
  4 death yaks
  A spectral dire elephant (Lair:5)
  Nergalle (Lair:2)
  A skyshark (Lair:5)
  A skeletal warrior (D:11)
  A spectral anaconda (Lair:5)
  An obsidian statue (Lair:5)
  4 necromancers (Lair:5)
  2 oklob plants (Lair:2)
  An ugly thing (D:11)
  A cyclops (D:8)
  16 elephants
  12 cane toads
  4 black mambas
  3 torpor snails
  Psyche (D:11)
  A rime drake (Lair:4)
  3 komodo dragons
  A troll (D:11)
  A polar bear (Lair:2)
  18 blink frogs
  6 dream sheep (Lair:3)
  A shadow (D:9)
  9 wyverns
  55 yaks
  5 basilisks
  2 steam dragons
  A redback (Lair:3)
  2 vampire mosquitoes (Lair:2)
  A spectral cane toad (Lair:5)
  26 water moccasins
  An elephant zombie (Lair:5)
  An ice beast (D:6)
  7 orc warriors
  2 sky beasts (D:7)
  28 wolves
  2 centaurs
  An ogre (D:5)
  2 kobold brigands (D:9)
  3 scorpions
  10 bullfrogs
  A gnoll sergeant (D:9)
  A cane toad simulacrum (Lair:5)
  An elephant simulacrum (Lair:5)
  10 killer bees
  An electric eel (Lair:2)
  4 hounds
  9 orc priests
  3 sleepcaps
  2 iguanas (D:6)
  15 orc wizards
  4 gnolls (D:9)
  7 adders
  2 white imps
  2 worms
  2 dart slugs
  39 orcs
  6 endoplasms
  4 giant cockroaches
  2 goblins
  3 hobgoblins
  3 jackals
  4 quokkas
  4 ball pythons (D:2)
  6 bats
  2 frilled lizards
  19 kobolds
  3 rats
415 creatures vanquished.

Notes
Turn   | Place    | Note
-------+----------+-------------------------------------------
     0 | D:1      | qw the Gargoyle Fighter began the quest for the Orb.
     0 | D:1      | Reached XP level 1. HP: 14/14 MP: 1/1
     0 | D:1      | 0 ||| qw: Version: 0.2-a-123-gb51047a
     0 | D:1      | 0 ||| qw: Game counter: 3706
     0 | D:1      | 0 ||| qw: Always use a shield: true
     0 | D:1      | 0 ||| qw: God list: Okawaru
     0 | D:1      | 0 ||| qw: Allow faded altars: false
     0 | D:1      | 0 ||| qw: Do Orc after D:15 true
     0 | D:1      | 0 ||| qw: Do second Lair branch before Depths: true
     0 | D:1      | 0 ||| qw: Lair rune preference: random
     0 | D:1      | 0 ||| qw: Plans: Normal, Zot:1-4, Slime:5, God:TSO, Crypt,
                  | Tomb, Abyss, Pan, Hells, Win
     0 | D:1      | 0 ||| PLANNING D:1-11
   205 | D:1      | Reached skill level 2 in Axes
   205 | D:1      | 205 ||| Stepping ~*~*~tactically~*~*~ (hiding).
   207 | D:1      | 207 ||| Stepping ~*~*~tactically~*~*~ (hiding).
   377 | D:1      | Reached XP level 2. HP: 18/19 MP: 2/2
   459 | D:1      | Found Ymnarul's Book Shop.
   860 | D:1      | 860 ||| DROPPING +0 club.
   861 | D:1      | 861 ||| UPGRADING to +0 plate armour.
   871 | D:1      | 871 ||| DROPPING +0 scale mail.
   872 | D:1      | 872 ||| READING scroll labelled MUENTO NAGHA.
   873 | D:1      | 873 ||| READING scroll labelled GYPOAD FIJI.
   874 | D:1      | 874 ||| READING scroll labelled GULOUHU UZILA.
   877 | D:1      | 877 ||| READING 3 scrolls labelled YZXANL SUXI.
   878 | D:1      | 878 ||| READING 2 scrolls of enchant weapon.
   878 | D:1      | 878 ||| ENCHANTING +1 war axe of venom.
   879 | D:1      | 879 ||| READING scroll of enchant weapon.
   879 | D:1      | 879 ||| ENCHANTING +2 war axe of venom.
   978 | D:2      | Reached skill level 3 in Axes
   978 | D:2      | Reached XP level 3. HP: 23/23 MP: 3/3
   999 | D:2      | 999 ||| Stepping ~*~*~tactically~*~*~ (stealth).
  1646 | D:2      | 1646 ||| UPGRADING to +2 pair of boots.
  1651 | D:2      | 1651 ||| READING 2 scrolls labelled XOZOKHL UTTAUPOUSS.
  1652 | D:2      | 1652 ||| READING scroll labelled YSHEGEULEP.
  1653 | D:2      | 1653 ||| READING scroll labelled YRCHELI LECAEC.
  1754 | D:2      | 1754 ||| DROPPING scroll of amnesia.
  1771 | D:3      | Noticed a scorpion
  1779 | D:3      | Killed a scorpion
  1780 | D:3      | Reached skill level 4 in Axes
  1780 | D:3      | Reached XP level 4. HP: 28/28 MP: 4/4
  1840 | D:3      | Reached XP level 5. HP: 32/32 MP: 5/5
  1897 | D:3      | 1897 ||| DROPPING +0 mace.
  2406 | D:3      | 2406 ||| READING scroll labelled XUOXUM AGORCH.
  2407 | D:3      | 2407 ||| READING scroll labelled JIUJUUFEOT.
  2472 | D:4      | 2472 ||| Stepping ~*~*~tactically~*~*~ (hiding).
  2474 | D:4      | 2474 ||| Stepping ~*~*~tactically~*~*~ (hiding).
  2651 | D:4      | Reached skill level 5 in Axes
  2658 | D:4      | Found a staircase to the Ecumenical Temple.
  2659 | D:4      | 2659 ||| PLANNING TEMPLE
  2659 | D:4      | 2659 ||| UPGRADING to +0 cloak.
  2664 | D:4      | 2664 ||| READING scroll labelled IVASAS OTTATA.
  2664 | D:4      | Identified a scroll of acquirement
  2664 | D:4      | 2664 ||| ACQUIRING +0 pair of boots of Dramatic Exits {rC-
                  | Regen+ rCorr Str+2}
  2664 | D:4      | Acquired the +0 pair of boots of Dramatic Exits {rC- Regen+
                  | rCorr Str+2}
  2666 | D:4      | 2666 ||| UPGRADING to +0 pair of boots of Dramatic Exits
                  | {rC- Regen+ rCorr Str+2}.
  2676 | D:4      | 2676 ||| DRINKING 3 red potions.
  2685 | Temple   | Entered the Ecumenical Temple
  2699 | Temple   | 2699 ||| PLANNING OKAWARU WORSHIP
  2736 | Temple   | Became a worshipper of Warmaster Okawaru
  2736 | Temple   | 2736 ||| PLANNING D:1-11
  2906 | D:4      | Found Zeer's Vocational Training.
  2988 | D:4      | Found a blossoming altar of Fedhas.
  3023 | D:4      | Found a glowing silver altar of Zin.
  3293 | D:5      | Entered Level 5 of the Dungeon
  3355 | D:5      | Reached XP level 6. HP: 39/39 MP: 6/6
  3355 | D:5      | Found a runed translucent door.
  3489 | D:5      | Reached skill level 6 in Axes
  3524 | D:5      | Reached XP level 7. HP: 43/44 MP: 7/7
  4106 | D:5      | Noticed qw's ghost (novice GrFi)
  4302 | D:5      | 4302 ||| UPGRADING to +4 ring of slaying {mikee}.
  4303 | D:5      | 4303 ||| READING scroll labelled JAONGU ODWIVI.
  4304 | D:5      | 4304 ||| READING 2 scrolls of identify.
  4304 | D:5      | 4304 ||| IDENTIFYING puce potion
  4356 | D:6      | Reached * piety under Okawaru
  4378 | D:6      | Noticed a steam dragon
  4379 | D:6      | 4379 ||| Stepping ~*~*~tactically~*~*~ (hiding).
  4380 | D:6      | 4380 ||| INVOKING Heroism.
  4384 | D:6      | Killed a steam dragon
  4390 | D:6      | Reached skill level 1 in Invocations
  4393 | D:6      | Reached skill level 7 in Axes
  4396 | D:6      | Reached XP level 8. HP: 48/48 MP: 6/9
  4417 | D:6      | 4417 ||| Stepping ~*~*~tactically~*~*~ (stealth).
  4429 | D:6      | Reached skill level 1 in Dodging
  4429 | D:6      | Reached skill level 3 in Invocations
  4454 | D:6      | 4454 ||| Stepping ~*~*~tactically~*~*~ (stealth).
  4455 | D:6      | 4455 ||| Stepping ~*~*~tactically~*~*~ (stealth).
  4476 | D:6      | Found a shimmering altar of Xom.
  4495 | D:6      | Found a runed translucent door.
  4496 | D:6      | Noticed Crazy Yiuf
  4612 | D:6      | 4612 ||| Stepping ~*~*~tactically~*~*~ (stealth).
  4623 | D:6      | 4623 ||| INVOKING Heroism.
  4945 | D:6      | 4945 ||| DROPPING ring of flight.
  4982 | D:7      | 4982 ||| Stepping ~*~*~tactically~*~*~ (hiding).
  4983 | D:7      | 4983 ||| Stepping ~*~*~tactically~*~*~ (hiding).
  5534 | D:7      | Reached skill level 8 in Axes
  5544 | D:7      | 5544 ||| Stepping ~*~*~tactically~*~*~ (stealth).
  5545 | D:7      | 5545 ||| Stepping ~*~*~tactically~*~*~ (stealth).
  5551 | D:7      | Reached ** piety under Okawaru
  5573 | D:7      | 5573 ||| FLEEEEING.
  5574 | D:7      | 5574 ||| FLEEEEING.
  5575 | D:7      | 5575 ||| FLEEEEING.
  5576 | D:7      | 5576 ||| DRINKING 4 potions of curing.
  5576 | D:7      | 5576 ||| (to cure confusion)
  5583 | D:7      | 5583 ||| DRINKING 3 potions of curing.
  5583 | D:7      | 5583 ||| (to cure confusion)
  5696 | D:7      | 5696 ||| READING scroll labelled MYTSYNN SYBRI.
  5804 | D:8      | Reached XP level 9. HP: 44/54 MP: 12/12
  5825 | D:8      | 5825 ||| Stepping ~*~*~tactically~*~*~ (stealth).
  5827 | D:8      | 5827 ||| Stepping ~*~*~tactically~*~*~ (stealth).
  5829 | D:8      | 5829 ||| INVOKING Heroism.
  5836 | D:8      | Reached skill level 6 in Fighting
  6073 | D:8      | Reached skill level 9 in Axes
  6078 | D:8      | 6078 ||| INVOKING Heroism.
  6107 | D:8      | Reached skill level 6 in Armour
  6120 | D:8      | 6120 ||| Stepping ~*~*~tactically~*~*~ (hiding).
  6128 | D:8      | Noticed a cyclops
  6129 | D:8      | 6129 ||| INVOKING Heroism.
  6133 | D:8      | Reached *** piety under Okawaru
  6148 | D:8      | Killed a cyclops
  6151 | D:8      | Found a white marble altar of Elyvilon.
  6431 | D:8      | 6431 ||| DRINKING 2 pink potions.
  6432 | D:8      | 6432 ||| DROPPING potion of degeneration.
  6458 | D:9      | 6458 ||| INVOKING Heroism.
  6469 | D:9      | Reached XP level 10. HP: 64/64 MP: 11/13
  6489 | D:9      | Found a shimmering blue altar of Sif Muna.
  6538 | D:9      | Noticed Harold
  6539 | D:9      | 6539 ||| INVOKING Heroism.
  6544 | D:9      | Killed Harold
  6544 | D:9      | Reached **** piety under Okawaru
  6545 | D:9      | Reached skill level 10 in Axes
  6594 | D:9      | 6594 ||| FLEEEEING.
  6596 | D:9      | 6596 ||| DRINKING 3 potions of curing.
  6596 | D:9      | 6596 ||| (to cure confusion)
  6614 | D:9      | 6614 ||| Stepping ~*~*~tactically~*~*~ (hiding).
  6751 | D:9      | 6751 ||| Stepping ~*~*~tactically~*~*~ (stealth).
  6752 | D:9      | 6752 ||| Stepping ~*~*~tactically~*~*~ (stealth).
  6770 | D:9      | 6770 ||| Stepping ~*~*~tactically~*~*~ (hiding).
  6827 | D:9      | 6827 ||| Stepping ~*~*~tactically~*~*~ (stealth).
  6829 | D:9      | 6829 ||| Stepping ~*~*~tactically~*~*~ (stealth).
  6927 | D:9      | 6927 ||| INVOKING Heroism.
  7136 | D:9      | Found a sparkling altar of Nemelex Xobeh.
  7174 | D:9      | Found an ornate altar of the Wu Jian Council.
  7327 | D:9      | Found a sacrificial altar of Ru.
  7426 | D:9      | 7426 ||| READING 3 scrolls of identify.
  7426 | D:9      | 7426 ||| IDENTIFYING glowing inky potion
  7427 | D:9      | 7427 ||| READING 2 scrolls of identify.
  7427 | D:9      | 7427 ||| IDENTIFYING viscous blue potion
  7462 | D:9      | 7462 ||| Stepping ~*~*~tactically~*~*~ (hiding).
  7480 | D:9      | 7480 ||| READING 2 scrolls labelled TURROU VYOLO.
  7481 | D:9      | 7481 ||| DROPPING scroll of noise.
  7521 | D:10     | Entered Level 10 of the Dungeon
  7521 | D:10     | Found Tiffem's Weapon Shoppe.
  7526 | D:10     | 7526 ||| SHOPLISTING +12 broad axe of the Jester {flame,
                  | rElec Will+} (1128 gold, have 342).
  7526 | D:10     | 7526 ||| SHOPLISTING +2 eveningstar of the Volcano {freeze,
                  | Str+3} (653 gold, have 342).
  7537 | D:10     | Found a staircase to the Orcish Mines.
  7545 | D:10     | Noticed a two-headed ogre
  7546 | D:10     | 7546 ||| INVOKING Heroism.
  7553 | D:10     | Killed a two-headed ogre
  7553 | D:10     | Reached ***** piety under Okawaru
  7554 | D:10     | Reached skill level 6 in Invocations
  7636 | D:10     | Reached XP level 11. HP: 54/68 MP: 16/16
  7671 | D:10     | Found a staircase to the Lair.
  7693 | D:10     | 7693 ||| Stepping ~*~*~tactically~*~*~ (stealth).
  7705 | D:10     | 7705 ||| Stepping ~*~*~tactically~*~*~ (stealth).
  7719 | D:10     | Received a gift from Okawaru
  7730 | D:10     | Reached skill level 11 in Axes
  7744 | D:10     | 7744 ||| SWAPPING to +0 broad axe of electrocution.
  7745 | D:10     | 7745 ||| DROPPING +3 war axe of venom.
  7749 | D:10     | Found Tuakyfi's Magic Scroll Emporium.
  7757 | D:10     | 7757 ||| BUYING scroll of enchant armour (82 gold).
  7757 | D:10     | Bought a scroll of enchant armour for 82 gold pieces
  7757 | D:10     | 7757 ||| BUYING scroll of enchant weapon (82 gold).
  7757 | D:10     | Bought a scroll of enchant weapon for 82 gold pieces
  7757 | D:10     | 7757 ||| BUYING scroll of identify (22 gold).
  7757 | D:10     | Bought a scroll of identify for 22 gold pieces
  7757 | D:10     | 7757 ||| BUYING scroll of teleportation (33 gold).
  7757 | D:10     | Bought a scroll of teleportation for 33 gold pieces
  7757 | D:10     | 7757 ||| BUYING scroll of teleportation (33 gold).
  7757 | D:10     | Bought a scroll of teleportation for 33 gold pieces
  7757 | D:10     | 7757 ||| BUYING scroll of teleportation (33 gold).
  7757 | D:10     | Bought a scroll of teleportation for 33 gold pieces
  7757 | D:10     | 7757 ||| READING scroll of enchant armour.
  7757 | D:10     | 7757 ||| ENCHANTING +0 cloak.
  7758 | D:10     | 7758 ||| READING scroll of enchant weapon.
  7758 | D:10     | 7758 ||| ENCHANTING +0 broad axe of electrocution.
  7796 | D:10     | Found Tatiuschu's Armour Boutique.
  7805 | D:10     | 7805 ||| SHOPLISTING +0 plate armour of cold resistance
                  | (360 gold, have 74).
  7805 | D:10     | 7805 ||| SHOPLISTING +1 helmet (138 gold, have 74).
  7805 | D:10     | 7805 ||| SHOPLISTING +2 buckler (198 gold, have 74).
  7805 | D:10     | 7805 ||| SHOPLISTING +2 hat (192 gold, have 74).
  7810 | D:10     | 7810 ||| READING scroll of enchant weapon.
  7810 | D:10     | 7810 ||| ENCHANTING +1 broad axe of electrocution.
  7884 | D:10     | 7884 ||| Stepping ~*~*~tactically~*~*~ (stealth).
  7936 | D:10     | Found Ycidag's Distillery.
  7941 | D:10     | 7941 ||| SHOPLISTING potion of cancellation (112 gold, have
                  | 99).
  7941 | D:10     | 7941 ||| BUYING potion of curing (42 gold).
  7941 | D:10     | Bought a potion of curing for 42 gold pieces
  7941 | D:10     | 7941 ||| SHOPLISTING potion of heal wounds (70 gold, have
                  | 57).
  7941 | D:10     | 7941 ||| BUYING potion of might (56 gold).
  7941 | D:10     | Bought a potion of might for 56 gold pieces
  7941 | D:10     | 7941 ||| SHOPLISTING potion of mutation (112 gold, have 1).
  8085 | D:10     | 8085 ||| INVOKING Heroism.
  8391 | D:10     | Reached skill level 9 in Invocations
  8542 | D:10     | 8542 ||| INVOKING Heroism.
  8557 | D:10     | Reached skill level 9 in Fighting
  8624 | D:10     | 8624 ||| PLANNING LAIR
  8624 | D:10     | 8624 ||| READING 3 scrolls of identify.
  8624 | D:10     | 8624 ||| IDENTIFYING viscous black potion
  8625 | D:10     | 8625 ||| READING 2 scrolls of identify.
  8625 | D:10     | 8625 ||| IDENTIFYING fizzy inky potion
  8666 | Lair:1   | Entered Level 1 of the Lair of Beasts
  8704 | Lair:1   | 8704 ||| Stepping ~*~*~tactically~*~*~ (stealth).
  8713 | Lair:1   | Received a gift from Okawaru
  8713 | Lair:1   | Found the +3 warlock's mirror {omnireflect}
  8742 | Lair:1   | 8742 ||| INVOKING Heroism.
  8832 | Lair:1   | 8832 ||| Stepping ~*~*~tactically~*~*~ (stealth).
  9014 | Lair:1   | 9014 ||| INVOKING Heroism.
  9225 | Lair:1   | 9225 ||| Stepping ~*~*~tactically~*~*~ (hiding).
  9226 | Lair:1   | 9226 ||| Stepping ~*~*~tactically~*~*~ (hiding).
  9460 | Lair:1   | 9460 ||| UPGRADING to +3 warlock's mirror {omnireflect}.
  9470 | Lair:1   | 9470 ||| DROPPING +0 buckler.
  9496 | Lair:2   | Noticed Nergalle
  9497 | Lair:2   | 9497 ||| INVOKING Heroism.
  9515 | Lair:2   | Killed Nergalle
  9516 | Lair:2   | Reached XP level 12. HP: 67/76 MP: 19/19
  9643 | Lair:2   | 9643 ||| Stepping ~*~*~tactically~*~*~ (stealth).
  9653 | Lair:2   | Reached skill level 12 in Axes
  9796 | Lair:2   | 9796 ||| Stepping ~*~*~tactically~*~*~ (stealth).
  9807 | Lair:2   | Reached skill level 1 in Throwing
  9877 | Lair:2   | Reached skill level 3 in Throwing
  9887 | Lair:2   | Found a staircase to the Swamp.
 10012 | Lair:2   | Found a blossoming altar of Fedhas.
 10015 | Lair:2   | 10015 ||| INVOKING Heroism.
 10016 | Lair:2   | 10016 ||| INVOKING Finesse.
 10130 | Lair:2   | 10130 ||| INVOKING Heroism.
 10326 | Lair:2   | 10326 ||| READING 2 scrolls of identify.
 10326 | Lair:2   | 10326 ||| IDENTIFYING fuming orange potion
 10368 | Lair:3   | 10368 ||| INVOKING Heroism.
 10371 | Lair:3   | Reached skill level 6 in Shields
 10398 | Lair:3   | Found a hole to the Spider Nest.
 10413 | Lair:3   | 10413 ||| Stepping ~*~*~tactically~*~*~ (stealth).
 10414 | Lair:3   | 10414 ||| Stepping ~*~*~tactically~*~*~ (stealth).
 10420 | Lair:3   | Received a gift from Okawaru
 10517 | Lair:3   | 10517 ||| Stepping ~*~*~tactically~*~*~ (stealth).
 10521 | Lair:3   | 10521 ||| Stepping ~*~*~tactically~*~*~ (stealth).
 10543 | Lair:3   | Found an ancient bone altar of Kikubaaqudgha.
 10560 | Lair:3   | Noticed a seven-headed hydra
 10561 | Lair:3   | 10561 ||| INVOKING Heroism.
 10562 | Lair:3   | 10562 ||| INVOKING Finesse.
 10567 | Lair:3   | 10567 ||| SWAPPING to +0 flail.
 10571 | Lair:3   | Killed a seven-headed hydra
 10572 | Lair:3   | 10572 ||| SWAPPING to +2 broad axe of electrocution.
 10619 | Lair:3   | 10619 ||| INVOKING Heroism.
 10624 | Lair:3   | Reached skill level 9 in Armour
 10636 | Lair:3   | Received a gift from Okawaru
 10711 | Lair:3   | 10711 ||| DROPPING +0 flail.
 10714 | Lair:3   | 10714 ||| INVOKING Heroism.
 10759 | Lair:3   | 10759 ||| INVOKING Heroism.
 10855 | Lair:3   | Noticed a six-headed hydra
 10856 | Lair:3   | 10856 ||| INVOKING Heroism.
 10859 | Lair:3   | Killed a six-headed hydra
 10937 | Lair:3   | Reached XP level 13. HP: 82/82 MP: 20/20
 10937 | Lair:3   | 10937 ||| Stepping ~*~*~tactically~*~*~ (stealth).
 10975 | Lair:3   | Reached skill level 13 in Axes
 11311 | Lair:4   | 11311 ||| INVOKING Heroism.
 11312 | Lair:4   | 11312 ||| INVOKING Finesse.
 11356 | Lair:4   | 11356 ||| Stepping ~*~*~tactically~*~*~ (stealth).
 11357 | Lair:4   | 11357 ||| Stepping ~*~*~tactically~*~*~ (stealth).
 11360 | Lair:4   | 11360 ||| INVOKING Heroism.
 11367 | Lair:4   | 11367 ||| Stepping ~*~*~tactically~*~*~ (stealth).
 11374 | Lair:4   | 11374 ||| Stepping ~*~*~tactically~*~*~ (stealth).
 11376 | Lair:4   | 11376 ||| INVOKING Finesse.
 11476 | Lair:4   | Reached skill level 14 in Axes
 11491 | Lair:4   | 11491 ||| Stepping ~*~*~tactically~*~*~ (stealth).
 11506 | Lair:4   | Received a gift from Okawaru
 11830 | Lair:4   | Found a transporter.
 11838 | Lair:4   | Noticed qw's ghost (journeyman MiHu)
 11841 | Lair:4   | Found a transporter.
 12223 | Lair:4   | 12223 ||| READING scroll labelled ORRYIDWILE.
 12255 | Lair:5   | Entered Level 5 of the Lair of Beasts
 12256 | Lair:5   | 12256 ||| INVOKING Heroism.
 12257 | Lair:5   | 12257 ||| INVOKING Finesse.
 12261 | Lair:5   | 12261 ||| SWAPPING to +0 morningstar.
 12269 | Lair:5   | 12269 ||| SWAPPING to +2 broad axe of electrocution.
 12320 | Lair:5   | 12320 ||| Stepping ~*~*~tactically~*~*~ (stealth).
 12322 | Lair:5   | 12322 ||| INVOKING Heroism.
 12323 | Lair:5   | 12323 ||| INVOKING Finesse.
 12368 | Lair:5   | Identified the scarf of Connis {repulsion, rPois Will+
                  | Dex+5} (Okawaru gifted it to you on level 5 of the Lair of
                  | Beasts)
 12368 | Lair:5   | Received a gift from Okawaru
 12397 | Lair:5   | 12397 ||| Stepping ~*~*~tactically~*~*~ (stealth).
 12399 | Lair:5   | 12399 ||| Stepping ~*~*~tactically~*~*~ (stealth).
 12401 | Lair:5   | 12401 ||| INVOKING Heroism.
 12433 | Lair:5   | 12433 ||| Stepping ~*~*~tactically~*~*~ (stealth).
 12436 | Lair:5   | 12436 ||| Stepping ~*~*~tactically~*~*~ (stealth).
 12462 | Lair:5   | Found a viscous altar of Jiyva.
 12464 | Lair:5   | Found a staircase to the Slime Pits.
 12501 | Lair:5   | 12501 ||| Stepping ~*~*~tactically~*~*~ (stealth).
 12504 | Lair:5   | 12504 ||| Stepping ~*~*~tactically~*~*~ (stealth).
 12506 | Lair:5   | 12506 ||| INVOKING Heroism.
 12538 | Lair:5   | 12538 ||| INVOKING Heroism.
 12639 | Lair:5   | 12639 ||| INVOKING Heroism.
 12645 | Lair:5   | 12645 ||| SWAPPING to +0 morningstar.
 12649 | Lair:5   | Gained mutation: Your large and strong wings let you fly.
                  | [Gargoyle growth]
 12649 | Lair:5   | Reached XP level 14. HP: 85/90 MP: 19/21
 12649 | Lair:5   | 12649 ||| SWAPPING to +2 broad axe of electrocution.
 12732 | Lair:5   | 12732 ||| Stepping ~*~*~tactically~*~*~ (stealth).
 12741 | Lair:5   | 12741 ||| INVOKING Heroism.
 12752 | Lair:5   | 12752 ||| SWAPPING to +0 morningstar.
 12763 | Lair:5   | HP: 20/90 [six-headed hydra (7)]
 12764 | Lair:5   | 12764 ||| READING 11 scrolls of teleportation.
 12765 | Lair:5   | 12765 ||| DRINKING potion of heal wounds.
 12768 | Lair:5   | HP: 15/90 [six-headed hydra (12)]
 12771 | Lair:5   | 12771 ||| SWAPPING to +2 broad axe of electrocution.
 12894 | Lair:5   | 12894 ||| READING scroll of enchant armour.
 12894 | Lair:5   | 12894 ||| ENCHANTING +1 cloak.
 12922 | Lair:5   | 12922 ||| INVOKING Heroism.
 12925 | Lair:5   | Reached skill level 15 in Axes
 13142 | Lair:5   | 13142 ||| Stepping ~*~*~tactically~*~*~ (stealth).
 13326 | Lair:5   | Noticed a dire elephant
 13326 | Lair:5   | Noticed a dire elephant
 13362 | Lair:5   | Noticed a dire elephant
 13363 | Lair:5   | 13363 ||| INVOKING Heroism.
 13365 | Lair:5   | 13365 ||| Stepping ~*~*~tactically~*~*~ (stealth).
 13376 | Lair:5   | Killed a dire elephant
 13440 | Lair:5   | Noticed a dire elephant
 13441 | Lair:5   | 13441 ||| INVOKING Heroism.
 13453 | Lair:5   | Killed a dire elephant
 13513 | Lair:5   | 13513 ||| INVOKING Heroism.
 13522 | Lair:5   | Killed a dire elephant
 13523 | Lair:5   | Reached skill level 12 in Fighting
 13533 | Lair:5   | Killed a dire elephant
 13647 | Lair:5   | 13647 ||| INVOKING Heroism.
 13671 | Lair:5   | Gained mutation: You occasionally lose the ability to drink
                  | potions when taking damage. [a neqoxec]
 13684 | Lair:5   | 13684 ||| DRINKING 2 potions of cancellation.
 13691 | Lair:5   | 13691 ||| INVOKING Heroism.
 13752 | Lair:5   | 13752 ||| DRINKING 5 potions of mutation.
 13752 | Lair:5   | Lost mutation: You occasionally lose the ability to drink
                  | potions when taking damage. [potion of mutation]
 13752 | Lair:5   | Gained mutation: You have sharp toenails. [potion of
                  | mutation]
 13752 | Lair:5   | Gained mutation: Armour fits poorly on your strangely
                  | shaped body. [potion of mutation]
 13753 | Lair:5   | 13753 ||| DRINKING 4 potions of mutation.
 13753 | Lair:5   | Lost mutation: You have sharp toenails. [potion of
                  | mutation]
 13753 | Lair:5   | Lost mutation: Armour fits poorly on your strangely shaped
                  | body. [potion of mutation]
 13753 | Lair:5   | Gained mutation: Your muscles are strong. (Str +4, Int/Dex
                  | -1) [potion of mutation]
 13753 | Lair:5   | Gained mutation: You are vulnerable to cold. (rC-) [potion
                  | of mutation]
 13754 | Lair:5   | 13754 ||| DRINKING 3 potions of mutation.
 13754 | Lair:5   | Lost mutation: You are vulnerable to cold. (rC-) [potion of
                  | mutation]
 13754 | Lair:5   | Lost mutation: Your muscles are strong. (Str +4, Int/Dex
                  | -1) [potion of mutation]
 13754 | Lair:5   | Gained mutation: Your flesh is cold resistant. (rC+)
                  | [potion of mutation]
 13790 | Lair:5   | 13790 ||| INVOKING Heroism.
 13921 | Lair:5   | 13921 ||| INVOKING Heroism.
 14093 | Lair:5   | 14093 ||| PLANNING D:1-11
 14093 | Lair:5   | 14093 ||| UPGRADING to scarf of Connis {repulsion, rPois
                  | Will+ Dex+5}.
 14103 | Lair:5   | 14103 ||| DRINKING 2 fuming silvery potions.
 14104 | Lair:5   | 14104 ||| READING 4 scrolls of identify.
 14104 | Lair:5   | 14104 ||| IDENTIFYING sedimented green potion
 14105 | Lair:5   | 14105 ||| READING 3 scrolls of identify.
 14105 | Lair:5   | 14105 ||| IDENTIFYING emerald potion
 14106 | Lair:5   | 14106 ||| READING 2 scrolls of identify.
 14106 | Lair:5   | 14106 ||| IDENTIFYING black potion
 14107 | Lair:5   | 14107 ||| DROPPING potion of enlightenment.
 14108 | Lair:5   | 14108 ||| DROPPING potion of brilliance.
 14109 | Lair:5   | 14109 ||| DROPPING potion of ambrosia.
 14272 | D:11     | 14272 ||| DROPPING +0 morningstar.
 14349 | D:11     | Noticed Psyche
 14357 | D:11     | Killed Psyche
 14357 | D:11     | Received a gift from Okawaru
 14401 | D:11     | 14401 ||| Stepping ~*~*~tactically~*~*~ (hiding).
 14405 | D:11     | 14405 ||| INVOKING Heroism.
 14413 | D:11     | Reached skill level 3 in Dodging
 14420 | D:11     | HP: 22/92 [skeletal warrior/+0 flail (5)]
 14421 | D:11     | 14421 ||| READING 10 scrolls of teleportation.
 14421 | D:11     | HP: 10/92 [skeletal warrior/+0 halberd (13)]
 14424 | D:11     | Mangled by a skeletal warrior

Levels and vault maps discovered:
D:1:      psy_arrival_wood_between_worlds, layout_basic, serial_shops, shop
D:2:      layout_basic, kennysheep_crisscross
D:3:      layout_basic
D:4:      layout_loops_cross, mainiacjoe_overflow_two_lobes,
          minmay_temple_entry_junction_2, nicolae_shop_vocational
D:5:      minmay_skewed_foursquare, layout_basic, ebering_ghost_sewer_d,
          dk_noncrumbling_4
D:6:      layout_basic, mainiacjoe_overflow_catwalk, uniq_crazy_yiuf_cottage
D:7:      layout_basic
D:8:      layout_basic, minmay_ruined_shrine
D:9:      layout_loops_ring, kennysheep_orc_sif_temple,
          nicolae_ru_path_of_blood, mainiacjoe_overflow_big_doors, uniq_harold
D:10:     layout_stronghold, minmay_lair_entry_grove,
          minmay_orc_entry_temple_large, serial_shops,
          nicolae_shop_advertising_works [nicolae_subvault_shop_adworks],
          nicolae_shop_crystal, shop_statue, nicolae_shop_bloodbath_and_beyond
D:11:     layout_roguey, centaur_isle, uniq_psyche
Temple:   hellmonk_temple_of_storms
Lair:1:   layout_regular_city
Lair:2:   layout_gridlike, minmay_swamp_entry_swarm, serial_bayou,
          serial_bayou_pond_e, serial_bayou_pond_b, serial_bayou_lagoon_b,
          serial_bayou_pond_a, serial_bayou_pond_e, serial_bayou_lagoon_a,
          hangedman_tree_tricks, serial_bayou_shore_b, uniq_nergalle
Lair:3:   layout_regular_city, spider_nest_entry_rubble, basic_altar,
          grunt_megastairs_4
Lair:4:   layout_regular_city, nzn_ghost_randoct
Lair:5:   due_jungle_book, layout_small_grid, slime_entry_1,
          serial_bayou_shore_b, grunt_megastairs_3

Skill      XL: |  1  2  3  4  5  6  7  8  9 10 11 12 13 14 |
---------------+-------------------------------------------+-----
Axes           | 2 3 4 5 6 7 8 9 10 11 12 14 15 | 15.8
Fighting       | 4 5 8 9 10 11 12 | 12.0
Armour         | 4 5 6 7 8 9 10 | 10.0
Invocations    | 2 4 7 10 | 10.0
Dodging        | 1 2 3 |  3.1
Shields        | 4 5 6 7 |  7.3
Throwing       | 5 |  5.8

Action                     |  1- 3 |  4- 6 |  7- 9 | 10-12 | 13-15 || total
---------------------------+-------+-------+-------+-------+-------++-------
  Melee: War axe           |    66 |   109 |   144 |   182 |       ||   501
         Broad axe         |       |       |       |   242 |   411 ||   653
         Flail             |       |       |       |     4 |       ||     4
         Morningstar       |       |       |       |       |    26 ||    26
  Throw: Javelin           |       |       |       |    27 |    98 ||   125
 Invoke: Heroism           |       |       |     6 |    16 |    18 ||    40
         Finesse           |       |       |       |     2 |     4 ||     6
    Use: Scroll            |     9 |     3 |     3 |     9 |     7 ||    31
         Potion            |       |     1 |     3 |     1 |     6 ||    11
   Stab: Petrified         |       |       |       |     1 |     4 ||     5
         Petrifying        |       |       |       |     1 |     1 ||     2
 Armour: Scale mail        |    13 |       |       |       |       ||    13
         Plate armour      |    14 |    58 |    73 |   250 |   229 ||   624
  Dodge: Dodged            |    18 |    25 |    39 |   102 |   134 ||   318
  Block: Buckler           |    15 |     8 |    16 |   115 |   160 ||   314
         Reflection        |       |       |       |     2 |     8 ||    10

Table legend:
 A = Non-vault XP
 B = Vault XP
 C = Vault XP percentage of total XP
 D = Non-vault monster count
 E = Vault monster count
 F = Vault count percentage of total count
                 A         B        C        D         E       F
            +---------+---------+-------+---------+---------+-------
      Total |   49611 |   26710 |  35.0 |     328 |      87 |  21.0
            +---------+---------+-------+---------+---------+-------
        D:1 |      22 |       0 |   0.0 |      11 |       0 |   0.0
        D:2 |      46 |       0 |   0.0 |      15 |       0 |   0.0
        D:3 |     142 |       0 |   0.0 |      19 |       0 |   0.0
        D:4 |      64 |       0 |   0.0 |      17 |       0 |   0.0
        D:5 |     290 |     156 |  35.0 |      11 |       4 |  26.7
        D:6 |    1028 |       0 |   0.0 |      11 |       0 |   0.0
        D:7 |     571 |       0 |   0.0 |      12 |       0 |   0.0
        D:8 |    1395 |     863 |  38.2 |      12 |       7 |  36.8
        D:9 |    1656 |    1074 |  39.3 |      43 |       5 |  10.4
       D:10 |    4369 |    2751 |  38.6 |      24 |      23 |  48.9
       D:11 |    2878 |     383 |  11.7 |      11 |       1 |   8.3
     Lair:1 |    3257 |       0 |   0.0 |      17 |       0 |   0.0
     Lair:2 |    2866 |    3054 |  51.6 |      16 |       9 |  36.0
     Lair:3 |   10913 |    1892 |  14.8 |      43 |       5 |  10.4
     Lair:4 |    7279 |       0 |   0.0 |      27 |       0 |   0.0
     Lair:5 |   12835 |   16537 |  56.3 |      39 |      33 |  45.8
            +---------+---------+-------+---------+---------+-------
